Bugari, lawful male human Priest - ---.- |..... ---. --.....| |...- --......--- ..--%... |.....)..... ...........----.. --.......).-- -.......)....--.... |.....---..>. ---- --@Z.)..............| --.... --... .--..---------*...--.............-- --..- --............%......+..................- --...| |......).....-------------............... ----|....---....)%......-- |................ --.<|--.......--.|........| |................ |...---.......|--|.......-| --.............. |........------ ---......| |............. |.......-- ---....| --........... --..--..| ---.-- -----.|.|. ---- -- --- ----- Bugari the Adept Experience level: 7 Strength: 9 Dexterity: 16 Constitution: 12 Intelligence: 10 Wisdom: 16 Charisma: 12 Health: 0(58) Energy: 105(123) AC: 6 Gold: 64 Moves: 2004 Your Inventory: Coins $ - 64 gold pieces Weapons a - a blessed +1 mace (weapon in hand) k - an uncursed [+0] bow l - an uncursed [+1] bow m - a blessed [+4] crossbow n - 7 uncursed [+1] crossbow bolts C - 21 uncursed [+0] arrows (in quiver) D - an uncursed [+0] bow (alternate weapon; not wielded) E - a blessed [+0] thonged club [aklys] L - 6 uncursed [+0] darts P - 9 uncursed [+0] bamboo arrows [ya] T - 4 blessed [+1] crossbow bolts Armor b - an uncursed +0 robe (being worn) c - an uncursed +0 small shield (being worn) w - an uncursed +0 pair of speed boots (being worn) Comestibles e - an uncursed clove of garlic f - an uncursed sprig of wolfsbane y - an uncursed lichen corpse B - 2 uncursed food rations Spellbooks g - an uncursed spellbook of light N - an uncursed left-handed spellbook [of remove curse] Potions d - 4 potions of holy water M - an uncursed potion of oil Wands j - an uncursed wand of cold [0:7] Tools G - an uncursed key [skeleton key] K - an uncursed lock pick V - an uncursed partly used [wax] candle (lit) Y - an uncursed [tallow] candle Spells known in the end: Name Level Category Fail Memory a - light 1 divination 0% [||||||||] b - detect food 2 divination 37% [||||||||] Your skills at the end: Fighting Skills Weapon Skills mace [Basic / Expert] Spellcasting Skills clerical spells [Basic / Expert] Final Attributes: You were devoutly aligned. Hunger level was 935. Your alignment was 19 / 20. Monster difficulty range was 1 - 7. Level difficulty was 8. You were very fast. Your luck was zero. You are dead. Vanquished creatures: an ettin zombie a giant spider a gnome king an imp 2 rock moles 5 gnome lords 2 hobbits a large kobold 27 gnomes 6 garter snakes 2 geckos 6 jackals a goblin 6 sewer rats 2 grid bugs a bat 3 lichens a kobold zombie 6 newts 75 creatures vanquished. Voluntary challenges: You used a wielded weapon 95 times. You read items or engraved 4 times. You put on armor 3 times. You never genocided any monsters. You never polymorphed an object. You never changed form. You used no wishes. You never wrote Elbereth's name. You never encountered a bones level. You never used any Sokoban shortcuts. Dungeon overview: The Dungeons of Doom: levels 1 to 3 Level 1 an altar to Amaterasu Omikami a long staircase Level 2 an altar, some fountains Level 3 a general store, a fountain stairs to The Gnomish Mines The Gnomish Mines: levels 4 to 8 Level 4 stairs to The Dungeons of Doom Level 8 <- You were here History has recorded: On T:1 you entered the Dungeons of Doom to retrieve the Amulet of Yendor! On T:496 you reached level 2 of The Dungeons of Doom. On T:563 you advanced to experience level 2. On T:851 you reached level 3 of The Dungeons of Doom. On T:914 you advanced to experience level 3. On T:954 you advanced to experience level 4. On T:1166 you reached level 1 of The Gnomish Mines. On T:1187 you advanced to experience level 5. On T:1379 you reached level 4 of The Gnomish Mines. On T:1413 you advanced to experience level 6. On T:1862 you reached level 5 of The Gnomish Mines. On T:1891 you advanced to experience level 7. Latest messages: You begin to memorize the runes. You are beginning to feel hungry. You stop studying. That food really hit the spot! [HP+1=17] You finish eating the food ration. [5 turns] You continue your efforts to memorize the spell. [HP+1=18] [HP+1=19] You stop studying. [7 turns] The ettin zombie hits! (2x) [HP-10=9] You hit the ettin zombie! The ettin zombie hits! (2x) You die... Final status: Goodbye Bugari the Priest... You died in The Gnomish Mines on dungeon level 8 with 2288 points, and 64 pieces of gold, after 2004 moves. You were level 7 with a maximum of 58 hit points when you died.